[Event "Team 45 45 League T47"]
[Site "Internet Chess Club"]
[Date "2010.12.14"]
[Round "6"]
[White "whiskeytown"]
[Black "oldsj"]
[Result "0-1"]
[WhiteElo "1496"]
[BlackElo "1607"]
[Opening "Scotch: Mieses variation"]
[ECO "C45"]
[Time "18:04:20"]
[TimeControl "2700+45"]

1. e4 e5 2. Nf3 Nc6 3. d4 exd4 4. Nxd4 Nf6 5. Nxc6 bxc6 6. e5 Ne4 7. Qe2 Nc5 8.
g3 Be7 9. Bg2 O-O 10. O-O Ba6 11. c4 Ne6 12. Be3 Rb8 13. b3 Bc5 14. Bxc5 Nxc5
15. Qe3 Qe7 16. Nc3 Bb7 17. Rfe1 a6 18. Rad1 Ne6 19. Be4 d6 20. exd6 cxd6 21.
Qd3 Qf6 22. Na4 Ng5 23. h4 Nxe4 24. Qxe4 c5 25. Qd3 Rfe8 26. Nc3 Qf3 27. Qxf3
Bxf3 28. Re3 Rxe3 29. fxe3 Bxd1 30. Nxd1 Re8 31. Kf2 f5 32. Nc3 Kf7 33. Nd5 a5
34. Kf3 g6 35. a4 Rb8 36. Kf4 Rxb3 37. Kf3 Ke6 38. Kf4 Rd3 39. Nc7+ Kd7 40. Nd5
Rxd5 41. cxd5 c4 42. Kf3 Kc7 43. e4 fxe4+ 44. Kxe4 Kb6 45. Kd4 c3 46. Kxc3 Kc5
47. Kd2 h5 48. Kc3 Kxd5 49. Kd3 Kc5 50. Kc3 d5 51. Kd3 Kb4 52. Kd4 Kxa4 53. Kxd5
Kb3 54. Ke6 a4 55. Kf6 a3 56. Kxg6 a2 57. Kxh5 a1=Q 58. g4 Qh8+ 59. Kg5 Kc4 60.
h5 Kd5 61. h6 Ke6 62. Kh5 Kf7 63. g5 Qh7 64. Kg4 Kg6 65. Kh4 Qd7 66. h7 Qxh7+
67. Kg4 Qh5+ {White resigns} 0-1

[Event "Team 45 45 League T47"]
[Site "Internet Chess Club"]
[Date "2010.12.13"]
[Round "6"]
[White "rom1"]
[Black "AlekSaxon"]
[Result "1-0"]
[WhiteElo "1523"]
[BlackElo "1491"]
[Opening "Queen's gambit accepted"]
[ECO "D20"]
[Time "13:02:02"]
[TimeControl "2700+45"]

1. d4 d5 2. c4 dxc4 3. Nc3 g6 4. e4 e5 5. d5 Nf6 6. Bxc4 Bc5 7. Nf3 Qe7 8. O-O
a6 9. a4 Bd7 10. Ng5 Bd6 11. f4 Ng4 12. Kh1 Bc5 13. Qe2 h6 14. d6 hxg5 15. h3
Qxd6 16. Bxf7+ Kd8 17. fxg5 Qd4 18. Bd2 Nf2+ 19. Kh2 Rf8 20. Bxg6 Qd3 21. Rxf2
Rxf2 22. Qxd3 {Black forfeits on time} 1-0

[Event "Team 45 45 League T47"]
[Site "Internet Chess Club"]
[Date "2010.12.12"]
[Round "6"]
[White "tightfist"]
[Black "stan-beers"]
[Result "0-1"]
[WhiteElo "1483"]
[BlackElo "1427"]
[Opening "Philidor: Improved Hanham variation"]
[ECO "B07"]
[Time "20:07:08"]
[TimeControl "2700+45"]

1. Nc3 d6 2. d4 Nf6 3. e4 Nbd7 4. Nf3 e5 5. Be3 c6 6. Bd3 Be7 7. O-O Kf8 8. Ne2
Qc7 9. c4 exd4 10. Nexd4 Ne5 11. Nxe5 dxe5 12. Ne2 Ng4 13. Bd2 Bc5 14. b4 Bd4
15. Nxd4 exd4 16. g3 f6 17. Bf4 Ne5 18. Be2 Bh3 19. Re1 Qd7 20. Bxe5 fxe5 21.
Bf1 Bxf1 22. Rxf1 g6 23. Qf3+ Kg7 24. Qd3 Rhf8 25. a3 Rf6 26. f4 exf4 27. gxf4
Raf8 28. Qg3 d3 29. Qe3 d2 30. e5 Rxf4 31. e6 Rxf1+ 32. Rxf1 Rxf1+ 33. Kxf1
d1=Q+ 34. Kg2 Q1d2+ 35. Qxd2 Qxd2+ 36. Kf3 Qd6 37. e7 Qxe7 38. Kg3 Kf6 39. Kf3
Kf5 40. h3 h5 41. c5 Qe4+ 42. Kg3 Qe3+ {White resigns} 0-1

[Event "Team 45 45 League T47"]
[Site "Internet Chess Club"]
[Date "2010.12.11"]
[Round "6"]
[White "alaskauk"]
[Black "Lyko"]
[Result "1-0"]
[WhiteElo "1460"]
[BlackElo "1396"]
[Opening "French: Winawer, advance, Russian variation"]
[ECO "C17"]
[Time "14:00:37"]
[TimeControl "2700+45"]

1. e4 e6 2. d4 d5 3. Nc3 Bb4 4. e5 c5 5. Qg4 Ne7 6. Bd2 Nbc6 7. a3 Nxd4 8. Rc1
Ba5 9. Qxg7 Rg8 10. Qxh7 Qb6 11. b3 Ndf5 12. Nf3 d4 13. Ne4 Bxd2+ 14. Nfxd2 Rg7
15. Nd6+ Kf8 16. Qh8+ Rg8 17. Qf6 Nxd6 18. exd6 Qxd6 19. Ne4 Nd5 20. Qh6+ {Black
resigns} 1-0

[Event "Team 45 45 League T47"]
[Site "Internet Chess Club"]
[Date "2010.12.12"]
[Round "6"]
[White "stputte"]
[Black "arconia"]
[Result "1-0"]
[WhiteElo "1587"]
[BlackElo "1385"]
[Opening "Sicilian: Grand Prix attack"]
[ECO "B23"]
[Time "10:00:24"]
[TimeControl "2700+45"]

1. e4 c5 2. Nc3 Nc6 3. f4 e6 4. Nf3 a6 5. d4 cxd4 6. Nxd4 Bb4 7. Qd3 Nf6 8. Bd2
O-O 9. O-O-O Qb6 10. Nb3 e5 11. Be3 Qc7 12. f5 Bxc3 13. bxc3 b5 14. Be2 Bb7 15.
g4 Na5 16. Bf3 Nxb3+ 17. cxb3 Qa5 18. Kb2 Rac8 19. Rc1 b4 20. c4 Qa3+ 21. Kb1 a5
22. g5 Bc6 23. Rcd1 a4 24. Bc1 axb3 25. Bxa3 bxa2+ 26. Kxa2 Nxe4 27. Bxe4 Bxe4
28. Qxe4 b3+ 29. Kxb3 Rb8+ 30. Kc3 Rfc8 31. Qxe5 Re8 32. Qd4 d5 33. Rhe1 Red8
34. cxd5 Rdc8+ 35. Kd2 Rb7 36. f6 g6 37. Qh4 Rd8 38. Re8+ Rxe8 39. Qh6 {Black
resigns} 1-0

[Event "Team 45 45 League T47"]
[Site "Internet Chess Club"]
[Date "2010.12.12"]
[Round "6"]
[White "otib2006"]
[Black "dscvdchk"]
[Result "0-1"]
[WhiteElo "1258"]
[BlackElo "1517"]
[Opening "Scandinavian defense"]
[ECO "B01"]
[Time "09:03:54"]
[TimeControl "2700+45"]

1. e4 d5 2. exd5 Nf6 3. Bc4 Nxd5 4. Nf3 Bg4 5. O-O e6 6. d4 Be7 7. Qd3 O-O 8.
Nc3 Bf5 9. Qd2 Nb4 10. Bd3 Nxd3 11. cxd3 Nc6 12. Qe3 Nb4 13. Qd2 Nxd3 14. Qe3
Nxc1 15. Raxc1 c6 16. Ne4 Bg4 17. Ne5 Bf5 18. Nc5 Bg5 19. Nxb7 Bxe3 20. Nxd8
Bxc1 21. Ndxc6 Bxb2 22. Ne7+ Kh8 23. Nxf5 exf5 24. Rd1 f6 25. Nc4 Bc3 26. d5
Rfe8 27. Kf1 Kg8 28. Nd6 Re5 29. f4 Re3 30. Nxf5 Re4 31. g3 Rae8 32. Kf2 Re2+
33. Kf3 g6 34. Nh6+ Kg7 35. Ng4 h5 36. Nf2 R8e3+ 37. Kg2 Kf7 38. d6 Re8 39. d7
Rd8 40. Kf3 Rxf2+ 41. Kxf2 Ke7 42. Rc1 Ba5 43. Kf3 Rxd7 44. Ke4 Bb6 45. h4 Rd4+
46. Kf3 Rd2 47. a4 Rf2+ 48. Ke4 Ra2 49. Rc4 Ra3 50. Kd5 Rd3+ 51. Kc6 Rd6+ 52.
Kb7 Rd7+ 53. Ka6 Rd5 54. Re4+ Kd6 55. Re8 Ra5+ 56. Kb7 Rxa4 57. Rg8 Ke6 58. Rxg6
Kf5 59. Rh6 Kg4 60. Rg6+ Kf5 61. Rh6 Kg4 62. Rg6+ Kh3 63. f5 Bd4 64. g4 Kxh4 65.
gxh5 Kxh5 66. Rg8 Rb4+ 67. Kc6 a5 68. Kd5 Be5 69. Ke6 Rb6+ 70. Kd7 Rb7+ 71. Kc6
Ra7 72. Kb6 Bd4+ 73. Kb5 a4 74. Rd8 Bf2 75. Rd2 Be3 76. Re2 Bd4 77. Kc4 Be5 78.
Kb5 a3 79. Ra2 Bb2 80. Kb6 Re7 81. Kc5 Re5+ 82. Kb4 Rxf5 83. Rxa3 Bxa3+ 84. Kxa3
Re5 85. Kb3 Kg4 86. Kc4 Kf4 87. Kd4 f5 88. Kd3 Kf3 89. Kd4 Re4+ 90. Kd5 Ke3
{White resigns} 0-1

[Event "Team 45 45 League T47"]
[Site "Internet Chess Club"]
[Date "2010.12.12"]
[Round "6"]
[White "JimGaming"]
[Black "dpmdpm"]
[Result "0-1"]
[WhiteElo "1292"]
[BlackElo "1464"]
[Opening "Sicilian: closed"]
[ECO "B23"]
[Time "16:08:15"]
[TimeControl "2700+45"]

1. e4 c5 2. Nc3 e6 3. f4 d5 4. Nf3 dxe4 5. Bb5+ Bd7 6. Bxd7+ Nxd7 7. Nxe4 Ngf6
8. d3 Nb6 9. O-O Be7 10. b3 O-O 11. Qe2 Nxe4 12. Qxe4 Bf6 13. Rb1 Nd5 14. Bd2
Bc3 15. Kh1 Bxd2 16. Nxd2 Nc3 17. Qc4 Nxb1 18. Rxb1 Rc8 19. g3 Qd5+ 20. Qxd5
exd5 21. c4 Rcd8 22. Nf3 Rfe8 23. Ne5 f6 24. Nf3 Re3 25. Kg2 Rxd3 26. Re1 Kf7
27. Kf2 Re8 28. Re2 dxc4 29. bxc4 Rxe2+ 30. Kxe2 Ra3 31. Nd2 Rxa2 32. Kd3 Ke6
33. Kc3 Ra6 34. g4 f5 35. g5 Ra1 36. Kd3 Rh1 37. Nf3 Ra1 38. h4 Ra3+ 39. Ke2 a6
40. h5 Ra1 41. h6 gxh6 42. gxh6 Rh1 43. Ng5+ Kd6 44. Nxh7 Rxh6 45. Ng5 Rh1 46.
Nf7+ Kc7 47. Ne5 b5 48. Nd3 Kd6 49. Ne5 b4 50. Kd2 a5 51. Kc2 Rh3 52. Nf7+ Kc6
53. Nd8+ Kb6 54. Ne6 a4 55. Ng7 Rc3+ 56. Kb2 Rxc4 57. Nxf5 Rxf4 58. Ne3 a3+ 59.
Ka2 Rf2+ 60. Ka1 Kb5 61. Nd5 c4 62. Nc7+ Ka4 63. Nd5 Rf1+ 64. Ka2 b3# {White
checkmated} 0-1

[Event "Team 45 45 League T47"]
[Site "Internet Chess Club"]
[Date "2010.12.11"]
[Round "6"]
[White "BrerRabbit"]
[Black "Giacometti"]
[Result "1/2-1/2"]
[WhiteElo "1565"]
[BlackElo "1647"]
[Opening "English: Anglo-Dutch defense"]
[ECO "A10"]
[Time "19:00:47"]
[TimeControl "2700+45"]

1. c4 f5 2. g3 e5 3. d4 exd4 4. Qxd4 Nf6 5. Bg2 Bb4+ 6. Bd2 Bxd2+ 7. Nxd2 O-O 8.
Ngf3 Nc6 9. Qc3 d6 10. e3 Qe8 11. O-O Ne5 12. Rad1 Nxf3+ 13. Nxf3 Ne4 14. Qc2
Qh5 15. Nd4 Ng5 16. Qe2 Qh6 17. Nb5 Ne6 18. Rd2 a6 19. Nc3 Rb8 20. Nd5 Bd7 21.
Rfd1 Rbe8 22. Qd3 Bc6 23. Qc2 Rf7 {Game drawn by mutual agreement} 1/2-1/2

[Event "Team 45 45 League T47"]
[Site "Internet Chess Club"]
[Date "2010.12.12"]
[Round "6"]
[White "oldprez"]
[Black "dondel"]
[Result "1-0"]
[WhiteElo "1509"]
[BlackElo "1269"]
[Opening "Petrov: Cozio (Lasker) attack"]
[ECO "C42"]
[Time "19:01:05"]
[TimeControl "2700+45"]

1. e4 e5 2. Nf3 Nf6 3. Nxe5 d6 4. Nf3 Nxe4 5. Qe2 Qe7 6. d3 Nc5 7. Nc3 Qxe2+ 8.
Bxe2 Nc6 9. Nd5 Na6 10. d4 Ncb4 11. Nxb4 Nxb4 12. Bd1 Bf5 13. O-O Nxc2 14. Bxc2
Bxc2 15. Bg5 h6 16. Rfe1+ Kd7 17. Bd2 Be7 18. Rac1 Bg6 19. Rc3 Rae8 20. Rce3 Bf5
21. d5 c6 22. Nd4 Bg4 23. dxc6+ bxc6 24. Nxc6 Kxc6 25. Rxe7 Rxe7 26. Rxe7 Rb8
27. Bc3 a6 28. Bxg7 Be6 29. a3 h5 30. Ra7 Bc4 31. h4 Rg8 32. Bf6 Rg6 33. Bd8 Rg8
34. Rc7+ Kd5 35. Be7 Bd3 36. Rd7 Rg6 37. Bf8 Rf6 38. Bg7 Rf4 39. g3 Rf3 40. Bc3
Ke6 41. Rb7 Bb5 42. Rb8 Kd5 43. Kg2 Ke4 44. Rb7 Bc4 45. Re7+ Be6 46. Re8 d5 47.
Ra8 Bd7 48. Rxa6 Bb5 49. Rf6 Rxf6 50. Bxf6 Be2 51. f4 d4 52. Kf2 d3 53. Ke1 Kf3
54. b4 Kxg3 55. b5 Kxf4 56. b6 Bf3 57. Kd2 Kf5 58. Bd8 Be4 59. a4 Ke5 60. a5 f6
61. a6 f5 62. Bg5 Kd6 63. b7 Bxb7 64. axb7 Kc7 65. Kxd3 Kxb7 66. Kd4 Kc6 67. Ke5
Kc5 68. Kxf5 Kd5 69. Bf6 Kc5 70. Kg5 Kc6 71. Kxh5 Kd5 72. Kg6 Ke4 73. h5 Kf4 74.
h6 {Black resigns} 1-0

[Event "Team 45 45 League T47"]
[Site "Internet Chess Club"]
[Date "2010.12.09"]
[Round "6"]
[White "chips"]
[Black "Cicero"]
[Result "1-0"]
[WhiteElo "1229"]
[BlackElo "1348"]
[Opening "Trompowsky attack (Ruth, Opocenský opening)"]
[ECO "A45"]
[Time "14:40:51"]
[TimeControl "2700+45"]

1. d4 Nf6 2. Bg5 e6 3. Bxf6 Qxf6 4. e4 b6 5. c3 d6 6. Qf3 Be7 7. Qxf6 gxf6 8.
Nf3 Bb7 9. Nbd2 d5 10. Bb5+ c6 11. Bd3 f5 12. exf5 Ba6 13. Bxa6 Nxa6 14. fxe6
fxe6 15. O-O O-O-O 16. Ne5 Rdf8 17. Nxc6 Bg5 18. Nf3 Bf4 19. Nxa7+ Kb7 20. Nb5
Rf6 21. Ne5 Rg8 22. g3 h5 23. Nd3 Bh6 24. f4 h4 25. Rf3 hxg3 26. Rxg3 Rfg6 27.
Kg2 Kc6 28. Na3 e5 29. Nxe5+ Kc7 30. Nxg6 {Black resigns} 1-0

[Event "Team 45 45 League T47"]
[Site "Internet Chess Club"]
[Date "2010.12.12"]
[Round "6"]
[White "MeanMrMustard"]
[Black "DARKwizard1"]
[Result "1/2-1/2"]
[WhiteElo "1824"]
[BlackElo "2018"]
[Opening "KP: Nimzovich defense"]
[ECO "B00"]
[Time "11:23:43"]
[TimeControl "2700+45"]

1. e4 Nc6 2. d4 e5 3. d5 Nce7 4. Nf3 Ng6 5. h4 h5 6. Bg5 Nf6 7. Nc3 Bb4 8. a3
Bxc3+ 9. bxc3 c6 10. Bc4 Qa5 11. Qd3 O-O 12. Bxf6 gxf6 13. g3 b5 14. Bb3 Ba6 15.
O-O b4 16. Bc4 Bxc4 17. Qxc4 bxc3 18. dxc6 Rfc8 19. Qd3 dxc6 20. Qd6 Kg7 21. Qb4
Qxb4 22. axb4 Rcb8 23. Ra3 Rxb4 24. Rxc3 Rxe4 25. Rxc6 a5 26. Ra1 a4 27. Nd2 Rg4
28. Rc4 Rd8 29. Rxg4 hxg4 30. Nc4 Rd4 31. Rxa4 e4 32. Nb2 Rd2 33. Rxe4 Rxc2 34.
Nc4 f5 35. Rd4 Kf6 36. Kf1 Nf8 37. Ne3 Rc1+ 38. Ke2 Ne6 39. Rd5 Ng7 40. Rd6+ Ke5
41. Rd5+ Ke4 42. Rd7 Ne6 43. Rxf7 Rc5 44. Re7 Re5 45. Kd2 Kf3 46. Nxf5 Rxf5 47.
Rxe6 Kxf2 48. Re3 Ra5 49. Rd3 Re5 50. Kc3 Kg2 51. Kd4 Re8 52. Kc4 Rc8+ 53. Kd4
Rd8+ 54. Ke4 Re8+ 55. Kf4 Kh3 56. h5 Rf8+ 57. Kg5 Rg8+ 58. Kf6 Rh8 59. Kg6 {Game
drawn by mutual agreement} 1/2-1/2

[Event "Team 45 45 League T47"]
[Site "Internet Chess Club"]
[Date "2010.12.13"]
[Round "6"]
[White "ferrari9182"]
[Black "byebyebadman"]
[Result "0-1"]
[WhiteElo "1932"]
[BlackElo "1841"]
[Opening "Benkö gambit accepted"]
[ECO "A58"]
[Time "15:30:45"]
[TimeControl "2700+45"]

1. d4 Nf6 2. c4 c5 3. d5 b5 4. cxb5 a6 5. bxa6 g6 6. Nc3 Bxa6 7. Nf3 Bg7 8. g3
d6 9. Bg2 Nbd7 10. O-O O-O 11. Re1 Ng4 12. e4 Nge5 13. Nxe5 Nxe5 14. f4 Nd3 15.
Re3 Bd4 16. h3 Nxb2 17. Bxb2 Bxe3+ 18. Kh2 Bd4 19. Rb1 Qa5 20. Ne2 Bxe2 21. Qxe2
Qxa2 {White resigns} 0-1

[Event "Team 45 45 League T47"]
[Site "Internet Chess Club"]
[Date "2010.12.10"]
[Round "6"]
[White "GeorgeCostanza"]
[Black "kidviper"]
[Result "0-1"]
[WhiteElo "1791"]
[BlackElo "1928"]
[Opening "King's Indian: fianchetto, classical variation"]
[ECO "E67"]
[Time "10:01:30"]
[TimeControl "2700+45"]

1. d4 Nf6 2. Nf3 g6 3. c4 Bg7 4. g3 O-O 5. Bg2 d6 6. Nc3 Nbd7 7. O-O e5 8. d5 a5
9. Ne1 Nc5 10. Nd3 Nfd7 11. h4 Nxd3 12. Qxd3 Nc5 13. Qc2 f5 14. f4 Qe7 15. Be3
b6 16. Rfe1 Ba6 17. Nb5 e4 18. Nd4 Bc8 19. Rad1 Bd7 20. Rd2 h6 21. b3 Bf6 22.
Bh3 Bxh4 23. Kf2 Rf7 24. Rg1 Bf6 25. g4 Bxd4 26. Rxd4 Qh4+ 27. Rg3 fxg4 28. Bg2
g5 29. Qd2 Raf8 {White resigns} 0-1

[Event "Team 45 45 League T47"]
[Site "Internet Chess Club"]
[Date "2010.12.13"]
[Round "6"]
[White "kwameh72"]
[Black "Signalman"]
[Result "1-0"]
[WhiteElo "1725"]
[BlackElo "1613"]
[Opening "Philidor: Improved Hanham variation"]
[ECO "A46"]
[Time "13:55:04"]
[TimeControl "2700+45"]

1. d4 Nf6 2. Nf3 d6 3. Nc3 Bf5 4. Nh4 Bc8 5. e4 e5 6. Nf3 Nbd7 7. Be3 Be7 8. Bc4
c6 9. O-O O-O 10. h3 b5 11. Bb3 exd4 12. Nxd4 Bb7 13. f3 a5 14. a3 Qc7 15. Nf5
Nc5 16. Ba2 b4 17. axb4 axb4 18. Ne2 d5 19. Bf4 Qd8 20. e5 Nh5 21. Bh2 g6 22.
Ne3 Ne6 23. Bb3 Bc5 24. Qd2 Qb6 25. Kf2 d4 26. Nc4 Qd8 27. Qd3 Qh4+ 28. Kg1 Rxa1
29. Rxa1 Ra8 30. Rxa8+ Bxa8 31. Kf1 Ba7 32. Qe4 Qxe4 33. fxe4 c5 34. Nd6 f6 35.
Bxe6+ {Black resigns} 1-0

[Event "Team 45 45 League T47"]
[Site "Internet Chess Club"]
[Date "2010.12.10"]
[Round "6"]
[White "Ivio"]
[Black "chessateer"]
[Result "0-1"]
[WhiteElo "1804"]
[BlackElo "1894"]
[Opening "QGA, 4.Nc3"]
[ECO "D24"]
[Time "09:00:31"]
[TimeControl "2700+45"]

1. d4 d5 2. Nf3 Nf6 3. c4 dxc4 4. Nc3 c5 5. d5 e6 6. e4 exd5 7. exd5 Bd6 8. Bxc4
O-O 9. O-O Bg4 10. h3 Bh5 11. g4 Bg6 12. Nh4 Nbd7 13. Nxg6 hxg6 14. Nb5 Bb8 15.
d6 a6 16. Nc3 Ne5 17. Bb3 Qxd6 18. Qxd6 Bxd6 19. Nd5 c4 20. Nb6 cxb3 21. Nxa8
Rxa8 22. axb3 Rc8 23. Rd1 Rc6 24. Be3 Ne4 25. Ra4 f5 26. Kg2 Bc5 27. Bf4 Nf7 28.
f3 Ned6 29. Ra5 Bb4 30. Rad5 Rc2+ 31. Kg3 g5 32. Bxd6 Bxd6+ 33. f4 Bxf4+ 34. Kf3
Ne5+ 35. Rxe5 fxg4+ 36. Kxg4 Bxe5 37. Kxg5 Bf6+ 38. Kg6 Rxb2 39. Rd3 a5 40. Re3
Rg2+ 41. Kf5 Kf7 42. Rd3 Ke7 43. Rd5 Rg5+ 44. Ke4 Rxd5 45. Kxd5 Kd7 {White
resigns} 0-1

[Event "Team 45 45 League T47"]
[Site "Internet Chess Club"]
[Date "2010.12.13"]
[Round "6"]
[White "OxidisedLizard"]
[Black "JeeniousChess"]
[Result "0-1"]
[WhiteElo "1853"]
[BlackElo "1772"]
[Opening "Sicilian: Scheveningen (Paulsen), classical variation"]
[ECO "B84"]
[Time "12:58:13"]
[TimeControl "2700+45"]

1. e4 c5 2. Nf3 d6 3. d4 cxd4 4. Nxd4 Nf6 5. Nc3 a6 6. Be2 e6 7. O-O Be7 8. f4
Qc7 9. Be3 O-O 10. g4 d5 11. exd5 Nxd5 12. Nxd5 exd5 13. Bf3 Rd8 14. Qe2 Nc6 15.
Qg2 Nxd4 16. Bxd4 Qxf4 17. Rad1 Bd6 18. Bxd5 Qxh2+ 19. Qxh2 Bxh2+ 20. Kxh2 Rxd5
21. Rg1 Be6 22. c3 Rg5 23. a3 Bxg4 24. Rde1 Rh5+ 25. Kg3 Be6 26. Kf4 Rf5+ 27.
Ke3 f6 28. Rg2 h5 29. Reg1 g5 30. Rh2 Bf7 31. Rf2 Re8+ 32. Kd2 Rxf2+ 33. Bxf2
Bd5 34. Bh4 Kf7 35. Bxg5 fxg5 36. Rxg5 Be4 37. Rxh5 Bg6 38. Rc5 Ke6 39. b4 Rd8+
40. Kc1 Rh8 41. a4 Rh2 42. a5 Bd3 43. Rc7 Be4 44. Rc5 Kd6 45. Kd1 Rg2 46. Kc1
Bd3 47. Kd1 Rc2 48. Ke1 Be4 49. Kd1 Rg2 50. Ke1 Bf3 51. Kf1 Rh2 52. Kg1 Re2 53.
Kf1 Re5 54. Rc8 Bc6 55. Rd8+ Bd7 56. Rc8 Bxc8 {White resigns} 0-1

[Event "Team 45 45 League T47"]
[Site "Internet Chess Club"]
[Date "2010.12.11"]
[Round "6"]
[White "Ptzz"]
[Black "chiiwen"]
[Result "1-0"]
[WhiteElo "2099"]
[BlackElo "2184"]
[Opening "QGD Slav: 4.Nc3"]
[ECO "D15"]
[Time "12:03:42"]
[TimeControl "2700+45"]

1. c4 c6 2. d4 d5 3. Nf3 Nf6 4. Nc3 a6 5. e3 b5 6. c5 Bg4 7. Qb3 Bxf3 8. gxf3 e5
9. a4 Nbd7 10. Qa3 Rc8 11. axb5 axb5 12. Bh3 Rc7 13. Na2 Be7 14. Bd2 Qb8 15. Nb4
Qb7 16. Qa6 Qxa6 17. Rxa6 Nb8 18. Ra8 O-O 19. Ke2 Nfd7 20. Bxd7 Rxd7 21. Rha1
Bf6 22. Kd3 Rdd8 23. R8a7 Rc8 24. Bc3 exd4 25. Bxd4 Bxd4 26. Kxd4 Rfd8 27. Rb7
Rd7 28. Rxd7 Nxd7 29. Ra7 Nf8 30. Nd3 f6 31. Nf4 Re8 32. h4 g6 33. Kc3 Ne6 34.
Nxe6 Rxe6 35. Rc7 h5 36. f4 Kf8 37. Kb4 d4 38. exd4 Re4 39. Rxc6 Rxd4+ 40. Kxb5
Rxf4 41. Ka5 Rxf2 42. b4 Ra2+ 43. Kb6 Ke7 44. b5 g5 45. hxg5 fxg5 46. Rh6 h4 47.
c6 Rc2 48. Kb7 Rc3 49. c7 {Black resigns} 1-0

[Event "Team 45 45 League T47"]
[Site "Internet Chess Club"]
[Date "2010.12.13"]
[Round "6"]
[White "AronT"]
[Black "Despair"]
[Result "0-1"]
[WhiteElo "2079"]
[BlackElo "1929"]
[Opening "Modern defense: Averbakh system"]
[ECO "E74"]
[Time "03:46:42"]
[TimeControl "2700+45"]

1. d4 g6 2. c4 Bg7 3. Nc3 d6 4. e4 c5 5. d5 Nf6 6. Be2 O-O 7. Bg5 h6 8. Bf4 Qb6
9. Qd2 Bg4 10. f3 Bd7 11. h4 Nh5 12. Bh2 Be5 13. f4 Bxc3 14. Qxc3 Nf6 15. Bf3
Na6 16. Ne2 Qb4 17. a3 Qxc3+ 18. Nxc3 Nc7 19. e5 Ng4 20. Bxg4 Bxg4 21. Kd2 Bf5
22. Rhe1 Rfe8 23. Ne4 Bxe4 24. Rxe4 b5 25. b3 bxc4 26. bxc4 Rab8 27. Kc2 Kg7 28.
g4 f5 29. gxf5 gxf5 30. Re2 Rg8 31. exd6 exd6 32. Re7+ Kf8 33. Rxc7 Rg2+ 34. Kd1
Rxh2 35. Rc1 Rbb2 36. Rc8+ Ke7 37. Rc7+ Kd8 {White resigns} 0-1

[Event "Team 45 45 League T47"]
[Site "Internet Chess Club"]
[Date "2010.12.19"]
[Round "6"]
[White "kabindra"]
[Black "Tobiasdelmonte"]
[Result "1-0"]
[WhiteElo "1820"]
[BlackElo "1784"]
[Opening "French: Tarrasch"]
[ECO "C03"]
[Time "09:15:16"]
[TimeControl "2700+45"]

1. e4 e6 2. d4 d5 3. Nd2 Be7 4. Bd3 c5 5. c3 cxd4 6. cxd4 Nc6 7. Ne2 dxe4 8.
Nxe4 Nf6 9. O-O O-O 10. Bb1 Qd5 11. Nxf6+ Bxf6 12. Qd3 g6 13. Be3 Rd8 14. Rd1
Nb4 15. Qd2 a5 16. a3 Nc6 17. Nc3 Qh5 18. Ne4 Bg7 19. Ng3 Qd5 20. Be4 Qb5 21.
Bxc6 bxc6 22. h4 Ba6 23. Qc2 Rab8 24. Rac1 Bb7 25. Ne4 e5 26. dxe5 Rxd1+ 27.
Rxd1 Qxe5 28. Bd4 Qe7 29. Bxg7 Kxg7 30. Qc3+ Kh6 31. Qe3+ Kg7 32. h5 Re8 33. h6+
Kf8 34. f3 f5 35. Qf4 Qe5 36. Qxe5 Rxe5 37. Ng5 f4 38. Nxh7+ Ke7 39. Kf2 Rh5 40.
Re1+ Kf7 41. Re4 g5 42. Rd4 Bc8 43. Rd6 Bf5 44. Rf6+ Kg8 45. Nf8 Bd3 46. Nd7 Rh1
47. Rf8+ Kh7 48. g3 Rf1+ 49. Kg2 fxg3 50. Kxg3 Kxh6 51. Ne5 Bb5 52. Rf6+ Kh7 53.
Nxc6 Rb1 54. Nxa5 Rxb2 55. Rb6 Rb1 56. a4 Rg1+ 57. Kh2 Ra1 58. Rxb5 Rxa4 59.
Rxg5 Kh6 60. Rc5 Ra3 61. Kg3 Kg6 62. Kg4 Ra4+ 63. f4 Ra1 64. Rc6+ Kf7 65. Nc4
Rg1+ 66. Kf5 Rb1 67. Ne5+ Ke7 68. Rc7+ Kd6 69. Rd7+ Kc5 70. Rd8 Rf1 71. Ng6 Kc6
72. Kf6 Kc7 73. Rd4 Kc6 74. f5 Kc5 75. Rd8 Kc6 76. Ne7+ Kc7 77. Rd3 Ra1 78. Kf7
Rf1 79. f6 Rf2 80. Ng8 Kc6 81. Kf8 Rf5 82. f7 Rf1 83. Ne7+ Kc7 84. Ke8 {Black
resigns} 1-0

[Event "Team 45 45 League T47"]
[Site "Internet Chess Club"]
[Date "2010.12.12"]
[Round "6"]
[White "Ben777"]
[Black "VietLion"]
[Result "1-0"]
[WhiteElo "1708"]
[BlackElo "1914"]
[Opening "Sicilian: dragon, Yugoslav attack, Rauser variation"]
[ECO "B76"]
[Time "15:00:43"]
[TimeControl "2700+45"]

1. e4 c5 2. Nf3 d6 3. d4 cxd4 4. Nxd4 Nf6 5. Nc3 g6 6. Be3 Bg7 7. f3 O-O 8. Qd2
Nc6 9. O-O-O d5 10. exd5 Nxd5 11. Nxc6 bxc6 12. Bd4 e5 13. Bc5 Be6 14. Ne4 f5
15. Ng5 Bh6 16. h4 Qf6 17. Bxf8 Rxf8 18. Kb1 Rb8 19. c4 e4 20. cxd5 Bg7 21. Qd4
Qe7 22. Qf2 Bxd5 23. fxe4 fxe4 24. Nxe4 Bxe4+ 25. Bd3 Qe5 26. Rd2 Bxd3+ 27. Ka1
Bf5 28. Rhd1 Qa5 29. Qg3 Be5 30. Qg5 Bg7 31. Rd8+ Rxd8 32. Rxd8+ Bf8 33. Qe7
Qxd8 34. Qxd8 Be4 35. g4 h6 36. Qd4 Bd5 37. Qxa7 c5 38. a4 Be6 39. Qb6 Kf7 40.
a5 Bxg4 41. Qb7+ Be7 42. a6 {Black resigns} 1-0

[Event "Team 45 45 League T47"]
[Site "Internet Chess Club"]
[Date "2010.12.12"]
[Round "6"]
[White "SlimeDog2"]
[Black "bobhill"]
[Result "1-0"]
[WhiteElo "2068"]
[BlackElo "1853"]
[Opening "QGD: Tartakower (Makagonov-Bondarevsky) system"]
[ECO "D58"]
[Time "22:50:07"]
[TimeControl "2700+45"]

1. d4 d5 2. Nf3 Nf6 3. c4 e6 4. Nc3 Be7 5. Bg5 h6 6. Bh4 O-O 7. e3 b6 8. Bd3
dxc4 9. Bxc4 Bb7 10. O-O Nbd7 11. Bg3 c5 12. Rc1 cxd4 13. Nxd4 Rc8 14. Ncb5 a6
15. Na7 Ra8 16. Nac6 Qe8 17. Nxe7+ Qxe7 18. Bd3 Rac8 19. Qe2 b5 20. a4 bxa4 21.
Bxa6 Bxa6 22. Qxa6 Rxc1 23. Rxc1 e5 24. Nc6 Qd6 25. Qxa4 Re8 26. h3 Qd2 27. Qc2
Qxc2 28. Rxc2 Ne4 29. b4 Nxg3 30. fxg3 f6 31. Kf2 Kf7 32. b5 Ra8 33. g4 Ra1 34.
Kf3 Nb6 35. Nb4 Rb1 36. Rc7+ Kg8 37. Rb7 Nc4 38. Nd5 Rb2 39. b6 Nd2+ 40. Kg3
Nf1+ 41. Kh4 Rb5 42. Rd7 Kh7 43. Nxf6+ Kg6 44. Nh5 Kh7 45. Rxg7+ Kh8 46. Rf7
Rxb6 47. Rxf1 Kg8 48. Rf6 Rb3 49. e4 Kh7 50. Rf7+ Kg8 51. Re7 Rb2 52. g3 Rb5 53.
Nf6+ Kf8 54. Rxe5 Rb1 55. Kh5 Kf7 56. Rf5 Kg7 57. Ne8+ Kh7 58. Rf7+ Kg8 59. Kg6
Rb6+ 60. Nf6+ {Black resigns} 1-0

[Event "Team 45 45 League T47"]
[Site "Internet Chess Club"]
[Date "2010.12.11"]
[Round "6"]
[White "bgolev"]
[Black "zap2"]
[Result "0-1"]
[WhiteElo "1822"]
[BlackElo "1854"]
[Opening "Nimzo-Indian: classical variation"]
[ECO "E32"]
[Time "09:32:45"]
[TimeControl "2700+45"]

1. d4 Nf6 2. c4 e6 3. Nc3 Bb4 4. Qc2 O-O 5. e3 b6 6. Bd3 Bb7 7. f3 Nc6 8. Ne2 a5
9. O-O Bxc3 10. Qxc3 d5 11. b3 Nb4 12. Bb1 dxc4 13. bxc4 Ba6 14. Re1 c5 15. dxc5
bxc5 16. a3 Nc6 17. Bc2 Qc7 18. Bb2 Rfd8 19. Ng3 e5 20. Rac1 Rab8 21. Ba1 Ne8
22. Be4 f6 23. Bd5+ Kh8 24. Ne2 Ne7 25. e4 Nd6 26. f4 Nxd5 27. exd5 e4 28. Ng3
f5 29. Nh5 Rg8 30. Qh3 Bxc4 31. Nf6 gxf6 32. Bxf6+ Rg7 33. Be5 Kg8 34. Rxc4 Re8
35. Bxd6 Qxd6 36. Qxf5 e3 37. Re4 Rxe4 38. Qxe4 Re7 39. Qc4 Kf7 40. g3 Kg8 41.
Kg2 Kg7 42. Re2 h5 43. Qd3 Kf6 44. Kf3 Rd7 45. Rxe3 Qxd5+ 46. Qxd5 Rxd5 47. Rc3
Kf5 48. h3 Ke6 49. g4 hxg4+ 50. hxg4 Kd6 51. g5 Rd4 52. Kg4 c4 53. Kf5 Kd5 54.
Re3 Rd3 55. Re5+ Kd4 56. Rxa5 c3 57. Ra8 c2 58. Rc8 Rc3 59. Rd8+ Ke3 60. Re8+
Kf2 61. g6 c1=Q 62. g7 Rg3 63. g8=Q Rxg8 64. Rxg8 Qxa3 65. Rh8 Qc5+ 66. Ke6 Qc6+
67. Kf5 Qd7+ 68. Kg6 Qg4+ 69. Kf7 Qxf4+ 70. Kg7 Kg3 71. Rh1 Qd4+ 72. Kf8 Kg4 73.
Rh7 Kf5 74. Ke8 Kg6 75. Rd7 Qh8+ 76. Ke7 Kf5 77. Kd6 Qe5+ 78. Kc6 Ke6 79. Rd8
Qc3+ {White forfeits on time} 0-1